 Dungeon Crawl Stone Soup version 0.20-a0-1034-gb277f92 (webtiles) character file.

216572 George the Fencer (level 18, -28/168 HPs)
             Began as a Minotaur Fighter on Apr 21, 2017.
             Was the Champion of Okawaru.
             Killed from afar by a deep elf high priest (38 damage)
             ... with damnation
             ... on level 3 of the Elven Halls.
             The game lasted 01:14:17 (33044 turns).

George the Fencer (Minotaur Fighter)               Turns: 33044, Time: 01:14:17

Health: -28/168    AC: 29    Str: 24    XL:     18   Next: 74%
Magic:  22/24      EV: 25    Int:  5    God:    Okawaru [******]
Gold:   2292       SH: 26    Dex: 20    Spells: 10/17 levels left

rFire    . . .     SeeInvis +   D - +9 double sword (drain)
rCold    . . .     Gourm    .   u - +1 large shield {AC+3}
rNeg     + . .     Faith    .   q - +3 plate armour {rPois}
rPois    +         Spirit   .   L - +0 hat {MR+}
rElec    .         Reflect  +   V - scarf "Usicwy" {rCorr SInv}
rCorr    +         Harm     .   a - +1 pair of gloves
MR       ++...                  w - +2 pair of boots
Stlth    ..........             d - +3 amulet of reflection
Regen    0.4/turn               G - +4 ring of evasion
MPRegen  0.2/turn               X - ring of positive energy

@: agile, finesse
A: retaliatory headbutt, horns 2
a: Heroism, Finesse, Renounce Religion


You were on level 3 of the Elven Halls.
You worshipped Okawaru.
Okawaru was exalted by your worship.
You were hungry.

You visited 6 branches of the dungeon, and saw 28 of its levels.
You visited the Abyss 1 time.
You also visited: Labyrinth and Ice Cave.

You collected 3225 gold pieces.
You spent 933 gold pieces at shops.

Inventory:

Hand Weapons
 D - a +9 double sword of draining (weapon)
 H - a +1 long sword of flaming
Missiles
 g - 6 javelins (quivered)
 v - 3 throwing nets
 P - 6 poisoned javelins
Armour
 a - a +1 pair of gloves (worn)
 q - a +3 plate armour of poison resistance (worn)
 u - a +1 large shield of protection (worn)
 w - a +2 pair of boots (worn)
 L - a +0 hat of magic resistance (worn)
 V - the scarf "Usicwy" (worn) {rCorr SInv}
   (Okawaru gifted it to you on level 4 of the Lair of Beasts)

   It lets you see invisible.
   It protects you from acid and corrosion.
Jewellery
 d - a +3 amulet of reflection (around neck)
 y - an uncursed ring of ice
 G - a +4 ring of evasion (left hand)
 S - an uncursed ring of flight
 T - an uncursed ring of protection from cold {unknown}
 X - a ring of positive energy (right hand)
Wands
 x - a wand of iceblast (11/15)
 F - a wand of digging (13/24)
 J - a wand of scattershot (1/9)
 K - a wand of lightning (8/15)
 O - a wand of digging (14/24)
 R - a wand of acid (5/15)
Scrolls
 b - 5 scrolls of blinking
 e - 4 scrolls of immolation
 j - 3 scrolls of enchant weapon
 l - 18 scrolls of teleportation
 p - 3 scrolls of fear
 s - 2 scrolls of fog
 t - 13 scrolls of remove curse
 C - 3 scrolls of enchant armour
 E - 3 scrolls of recharging
 M - 4 scrolls of identify
 W - 2 scrolls of magic mapping
 Z - a scroll of summoning
Potions
 c - a potion of resistance
 i - 9 potions of curing
 m - 2 potions of cancellation
 o - 6 potions of heal wounds
 r - 5 potions of agility
 z - 9 potions of haste
 A - 7 potions of mutation
 I - 2 potions of magic
 U - 2 potions of invisibility
Miscellaneous
 N - a lightning rod (4/4)
 Q - a fan of gales
Comestibles
 f - 16 bread rations
 h - 16 meat rations
 n - 13 royal jellies
 B - 32 fruits


   Skills:
 + Level 16.5 Fighting
 + Level 18.1 Long Blades
 + Level 6.8 Throwing
 + Level 16.2 Armour
 + Level 15.6 Dodging
 + Level 16.3 Shields
 - Level 10.0 Invocations


You had 10 spell levels left.
You knew the following spells:

 Your Spells              Type           Power        Failure   Level  Hunger
a - Shroud of Golubria    Chrm/Tloc      #.........   100%        2    ###....
b - Song of Slaying       Chrm           #.......     100%        2    ###....
c - Regeneration          Chrm/Necr      #.........   100%        3    ####...


Dungeon Overview and Level Annotations

Branches:
Dungeon (15/15)            Temple (1/1) D:6            Lair (6/6) D:8
  Swamp (1/4) Lair:2       Spider (0/4) Lair:3        Slime (0/5) Lair:6
    Orc (2/2) D:10            Elf (3/3) Orc:2        Vaults (0/5) D:13
 Depths (0/5) D:15

Altars:
Ashenzari
Cheibriados
Dithmenos
Elyvilon
Fedhas
Gozag
Hepliaklqana
Kikubaaqudgha
Makhleb
Nemelex Xobeh
Okawaru
Qazlal
Ru
Sif Muna
Trog
Uskayaw
Vehumet
Wu Jian
Xom
Yredelemnul
Zin
The Shining One

Shops:
D:5 *?*(:   D:13 *?*?:   D:14 }:*   D:15 %   Orc:2 !}[[   Elf:1 }   Elf:2 !
Elf:3 [?

Portals:
Trove: Elf:2 (give +4 storm dragon scales)

Annotations:
D:7 exclusion: ice statue


Innate Abilities, Weirdness & Mutations

You reflexively headbutt those who attack you in melee.
You have a pair of horns on your head.


Message History

You drain the deep elf mage!
You kill the deep elf mage!
Okawaru accepts your kill.
Really walk into that cloud of seething chaos?
Okay, then.
You feel like a meek peon again.
The deep elf annihilator casts a spell at you.
The poison arrow misses you.
The deep elf annihilator mumbles some strange words.
The deep elf annihilator blinks!
The deep elf high priest invokes the aid of its god against you.
Something smites you!
* * * LOW HITPOINT WARNING * * *
The deep elf demonologist gestures wildly while chanting.
The blizzard demon gestures at you. The bolt of cold hits you!
* * * LOW HITPOINT WARNING * * *
The deep elf high priest invokes the aid of its god against you.
The sphere of damnation explodes!
The damnation engulfs you!
You die...

#.e## ##.. #ee#### ######
##)))).### ##...##
#.§.4....###########....[#
##...e.e.'..[))....'.....'
###...e.###########.....#
###e2## ##'...## ###.##
##.##### ##@########.##
##(#(..##)## ## ##).=.)'##
##. ######!).....#######..
###...#((......['(...'..
#.....#.).[...).######..
#.....#......=..# ##+#.
#...⌠.##.......## ##.###
#......##.....## ##.## #


You could see a deep elf annihilator, a blizzard demon, an orange demon, a deep
elf archer, 2 deep elf high priests and a deep elf mage.

Vanquished Creatures
  Saint Roka (Elf:3)
  Rupert (Lair:6)
  2 deep elf blademasters (Elf:3)
  A deep elf master archer (Elf:3)
  Roxanne (Elf:2)
  Agnes (Elf:2)
  Kirke (D:15)
  7 deep elf sorcerers (Elf:3)
  A fire giant (D:15)
  3 deep elf elementalists (Elf:3)
  Aizul (Elf:1)
  2 very ugly things (IceCv)
  7 deep elf demonologists (Elf:3)
  6 deep elf annihilators
  The ghost of Gorglomux the Gelid, a journeyman DrIE of Vehumet (Lair:6)
  A minotaur (Lab)
  4 deep elf death magi (Elf:3)
  Erolcha (D:11)
  4 vault guards (D:13)
  The ghost of George the Carver, a journeyman MiFi of Okawaru (D:10)
  Harold (D:11)
  10 hydras
  3 centaur warriors
  4 ogre magi (Orc:2)
  A tengu warrior (D:15)
  A death knight (D:13)
  19 two-headed ogres
  11 death yaks
  An alligator (Swamp:1)
  26 dancing weapons
  2 thrashing horrors (Abyss:2)
  Urug (D:11)
  Nergalle (D:11)
  Sonja (Orc:2)
  21 deep elf knights
  4 skeletal warriors
  2 unseen horrors (D:12)
  4 large abominations (Elf:3)
  15 deep elf archers
  A swamp dragon (Swamp:1)
  A wizard (D:14)
  Pikel (D:9)
  A salamander (shapeshifter) (D:14)
  55 deep elf magi
  A wolf spider (Lair:3)
  3 necromancers (Elf:3)
  5 orc sorcerers
  3 orc knights
  8 ugly things
  A cyclops (D:14)
  2 orb spiders (shapeshifter)
  A manticore (D:15)
  6 ice statues
  Psyche (D:11)
  2 centaur zombies
  3 black mambas
  5 elephants (Lair:6)
  A torpor snail (Lair:4)
  7 spiny frogs
  4 gargoyles
  A redback zombie (D:14)
  9 komodo dragons
  2 rime drakes
  4 yaktaurs (D:15)
  4 freezing wraiths
  2 anaconda simulacra (IceCv)
  A guardian mummy (Elf:2)
  Grinder (D:3)
  A wolf spider simulacrum (D:14)
  4 polar bears
  8 trolls
  12 hornets
  11 hippogriffs
  A bog body (Swamp:1)
  8 slime creatures
  3 dream sheep
  15 blink frogs
  A hippogriff (shapeshifter) (Elf:1)
  A vampire (D:10)
  A wraith (D:10)
  2 air elementals
  6 wyverns
  3 water elementals
  A shadow (D:15)
  15 spriggans
  52 yaks
  2 fire elementals
  2 chaos spawn (D:11)
  A basilisk (D:13)
  6 hogs (D:15)
  2 hungry ghosts
  2 steam dragons
  9 vampire mosquitoes
  3 wargs
  2 swamp worms (Swamp:1)
  13 water moccasins
  6 harpy simulacra (IceCv)
  A soldier ant (shapeshifter) (Elf:2)
  An acid dragon (D:11)
  7 porcupines
  A soldier ant (D:13)
  A hydra simulacrum (IceCv)
  6 black bears
  36 orc warriors
  10 ice beasts
  32 ogres
  A swamp drake (Swamp:1)
  2 necrophages
  A slave (D:9)
  5 phantoms
  4 sky beasts
  4 boggarts (Lair:6)
  10 centaurs
  20 wolves
  14 crocodiles
  9 big kobolds
  An elf zombie (Elf:3)
  17 bullfrogs
  An earth elemental (Elf:3)
  7 scorpions
  A killer bee (D:13)
  21 wights
  9 howler monkeys
  8 electric eels
  11 crimson imps
  6 hounds
  A quasit (D:12)
  2 gnoll shamans
  15 jellies
  17 orc priests
  9 centaur skeletons
  27 orc wizards
  2 iguanas
  18 worker ants
  A killer bee zombie (D:8)
  A hound zombie (D:10)
  3 hound skeletons
  A worker ant zombie (D:10)
  15 gnolls
  20 adders
  5 shadow imps
  2 oozes
  An adder zombie (D:8)
  4 worms (D:2)
  3 dart slugs
  4 leopard geckos
  92 orcs
  A giant cockroach (D:1)
  9 goblins
  9 hobgoblins
  11 jackals
  A quokka (D:9)
  10 bats
  4 frilled lizards
  32 kobolds
  A leopard gecko skeleton (D:5)
  2 leopard gecko zombies
  14 rats (D:1)
1088 creatures vanquished.

Vanquished Creatures (others)
  A deep elf archer (Elf:3)
  A yaktaur (D:15)
  A centaur (D:14)
  3 orcs
  A kobold (D:10)
  4 bushes (Elf:3)
  11 fungi
  3 plants
25 creatures vanquished.

Grand Total: 1113 creatures vanquished

Notes
Turn   | Place    | Note
-------+----------+-------------------------------------------
     0 | D:1      | George the Minotaur Fighter began the quest for the Orb.
     0 | D:1      | Reached XP level 1. HP: 19/19 MP: 0/0
   112 | D:1      | Reached skill level 3 in Long Blades
   138 | D:1      | Reached XP level 2. HP: 13/26 MP: 1/1
   644 | D:1      | Reached skill level 4 in Long Blades
   845 | D:2      | Reached XP level 3. HP: 29/31 MP: 2/2
  1006 | D:2      | Reached skill level 5 in Long Blades
  1014 | D:2      | Found a faded altar of an unknown god.
  1018 | D:2      | Found a radiant altar of Vehumet.
  1059 | D:2      | Found a shimmering altar of Xom.
  1061 | D:2      | Reached XP level 4. HP: 34/39 MP: 3/3
  1142 | D:2      | Found an iron altar of Okawaru.
  1274 | D:2      | Became a worshipper of Warmaster Okawaru
  1528 | D:3      | Noticed a necrophage
  1544 | D:3      | Killed a necrophage
  1544 | D:3      | Reached skill level 6 in Long Blades
  1544 | D:3      | Reached skill level 1 in Dodging
  1544 | D:3      | Reached skill level 1 in Invocations
  1544 | D:3      | Reached XP level 5. HP: 36/46 MP: 4/4
  1647 | D:3      | Reached * piety under Okawaru
  1701 | D:3      | Reached XP level 6. HP: 41/52 MP: 6/6
  1808 | D:3      | Found an ornate altar of the Wu Jian Council.
  1875 | D:3      | Noticed Grinder
  1880 | D:3      | Paralysed by Grinder for 3 turns
  1897 | D:3      | Killed Grinder
  1897 | D:3      | Reached XP level 7. HP: 49/60 MP: 7/7
  2428 | D:3      | Found an opulent altar of Gozag.
  2432 | D:3      | Found a hazy altar of Hepliaklqana.
  2699 | D:4      | Reached skill level 7 in Long Blades
  2799 | D:4      | Reached ** piety under Okawaru
  2799 | D:4      | Reached skill level 5 in Armour
  3047 | D:4      | Reached skill level 5 in Shields
  3260 | D:4      | Reached XP level 8. HP: 51/67 MP: 9/9
  3455 | D:5      | Entered Level 5 of the Dungeon
  3455 | D:5      | Found Itsoulur's Book Shop.
  3499 | D:5      | Found Vioxtah's Weapon Emporium.
  3559 | D:5      | Reached skill level 5 in Fighting
  3793 | D:5      | Found Futyb's Magic Scroll Boutique.
  3821 | D:5      | Bought a scroll of teleportation for 30 gold pieces
  3821 | D:5      | Bought a scroll of blinking for 75 gold pieces
  3821 | D:5      | Bought a scroll of identify for 20 gold pieces
  3821 | D:5      | Bought a scroll of remove curse for 30 gold pieces
  3821 | D:5      | Bought a scroll of random uselessness for 10 gold pieces
  3981 | D:5      | Found Iskaurgh's Assorted Antiques.
  4083 | D:5      | Reached skill level 8 in Long Blades
  4131 | D:5      | Found a glowing golden altar of the Shining One.
  4166 | D:5      | Found Siah's General Store.
  4351 | D:5      | Found a burning altar of Makhleb.
  4482 | D:6      | Found a blossoming altar of Fedhas.
  4547 | D:6      | Found a staircase to the Ecumenical Temple.
  4562 | Temple   | Entered the Ecumenical Temple
  4925 | D:6      | Reached *** piety under Okawaru
  5176 | D:6      | Reached XP level 9. HP: 57/75 MP: 11/11
  5384 | D:7      | Reached skill level 9 in Long Blades
  6007 | D:7      | Noticed an ice statue
  6662 | D:8      | Reached skill level 5 in Dodging
  6690 | D:8      | Got a bloodstained leather armour
  6701 | D:8      | Identified the cursed +0 leather armour of Nugoci Mim {Int+4} (You found it on level 8 of the Dungeon)
  6882 | D:8      | Found a staircase to the Lair.
  6952 | D:8      | Reached **** piety under Okawaru
  7022 | D:8      | Reached skill level 5 in Invocations
  7043 | D:8      | Reached skill level 10 in Long Blades
  7303 | D:8      | Noticed a three-headed hydra
  7312 | D:8      | Killed a one-headed hydra
  7312 | D:8      | Reached ***** piety under Okawaru
  7312 | D:8      | Reached XP level 10. HP: 63/86 MP: 11/13
  7645 | D:8      | Found a shadowy altar of Dithmenos.
  8056 | D:9      | Found a sparkling altar of Nemelex Xobeh.
  8264 | D:9      | Found a blossoming altar of Fedhas.
  8501 | D:9      | Noticed Pikel
  8524 | D:9      | Killed Pikel
  8649 | D:10     | Entered Level 10 of the Dungeon
  8661 | D:10     | Reached skill level 11 in Long Blades
  9186 | D:10     | Noticed George's ghost (journeyman MiFi)
  9239 | D:10     | Killed George's ghost
  9239 | D:10     | Received a gift from Okawaru
  9239 | D:10     | Reached XP level 11. HP: 18/94 MP: 8/14
  9553 | D:10     | Got a smoking lajatang {god gift}
  9559 | D:10     | Identified the +9 lajatang of Micrepp {slice, rElec Str+3} (Okawaru gifted it to you on level 10 of the Dungeon)
  9880 | D:10     | Found a staircase to the Orcish Mines.
 10218 | D:10     | Noticed a six-headed hydra
 10231 | D:10     | Killed a two-headed hydra
 10649 | D:11     | Noticed Urug
 10651 | D:11     | Noticed Harold
 10653 | D:11     | Noticed a six-headed hydra
 10653 | D:11     | Noticed Psyche
 10658 | D:11     | Killed Urug
 10658 | D:11     | Received a gift from Okawaru
 10665 | D:11     | Killed a four-headed hydra
 10674 | D:11     | Killed Harold
 10676 | D:11     | Killed Psyche
 10694 | D:11     | Found a labyrinth entrance.
 10726 | Lab      | Entered a labyrinth
 11206 | Lab      | Noticed a minotaur
 11214 | Lab      | Killed a minotaur
 11224 | Lab      | Got a distressingly furry plate armour
 11245 | Lab      | Identified the +4 plate armour of Xoczeva {SInv} (You found it in a labyrinth)
 11274 | D:11     | Noticed Nergalle
 11284 | D:11     | Killed Nergalle
 11483 | D:11     | Received a gift from Okawaru
 11486 | D:11     | Got a smoking buckler {god gift}
 11497 | D:11     | Identified the +0 buckler of Hohut {Str+3 Dex+3} (Okawaru gifted it to you on level 11 of the Dungeon)
 11532 | D:11     | Noticed a two-headed ogre
 11538 | D:11     | Killed a two-headed ogre
 11538 | D:11     | Reached XP level 12. HP: 43/105 MP: 16/16
 11550 | D:11     | Reached skill level 12 in Long Blades
 11790 | D:11     | Found a shimmering altar of Xom.
 11801 | D:11     | Reached skill level 10 in Shields
 11815 | D:11     | Reached skill level 10 in Armour
 12254 | D:11     | Noticed Erolcha
 12263 | D:11     | Killed Erolcha
 12631 | D:11     | Reached skill level 10 in Fighting
 12970 | D:12     | Reached ****** piety under Okawaru
 13472 | D:12     | Received a gift from Okawaru
 13473 | D:12     | Got an ichor-stained ring mail {god gift}
 13484 | D:12     | Identified the +1 ring mail "Vehirobyb" {rF- Str+6 Int+7} (Okawaru gifted it to you on level 12 of the Dungeon)
 14252 | Lair:1   | Entered Level 1 of the Lair of Beasts
 14307 | Lair:1   | Reached XP level 13. HP: 89/114 MP: 18/18
 14453 | Lair:1   | Reached skill level 13 in Long Blades
 15505 | Lair:2   | Found a staircase to the Swamp.
 15768 | Lair:2   | Reached skill level 10 in Dodging
 16113 | Lair:3   | Reached skill level 10 in Invocations
 16113 | Lair:3   | Reached XP level 14. HP: 124/124 MP: 18/20
 16234 | Lair:3   | Received a gift from Okawaru
 16363 | Lair:3   | Found a hole to the Spider Nest.
 16831 | Lair:4   | Reached skill level 14 in Long Blades
 17214 | Lair:4   | Received a gift from Okawaru
 17215 | Lair:4   | Got a twisted scarf {god gift}
 17226 | Lair:4   | Identified the scarf "Usicwy" {rCorr SInv} (Okawaru gifted it to you on level 4 of the Lair of Beasts)
 18344 | Lair:6   | Entered Level 6 of the Lair of Beasts
 18354 | Lair:6   | Noticed Rupert
 18355 | Lair:6   | Noticed Gorglomux's ghost (journeyman DrIE)
 18368 | Lair:6   | Killed Rupert
 18396 | Lair:6   | Killed Gorglomux's ghost
 18461 | Lair:6   | Reached XP level 15. HP: 126/132 MP: 21/21
 18803 | Lair:6   | Received a gift from Okawaru
 19161 | Lair:6   | Reached skill level 15 in Long Blades
 19325 | Lair:6   | Found a staircase to the Slime Pits.
 19770 | Orc:1    | Entered Level 1 of the Orcish Mines
 19928 | Orc:2    | Entered Level 2 of the Orcish Mines
 19990 | Orc:2    | Noticed Sonja
 20008 | Orc:2    | Killed Sonja
 20173 | Orc:2    | Found a staircase to the Elven Halls.
 20234 | Orc:2    | Received a gift from Okawaru
 20270 | Orc:2    | Got a blackened scale mail {god gift}
 20281 | Orc:2    | Identified the +4 scale mail "Jisiwniu" {*Slow rElec Str+7 Dex-3} (Okawaru gifted it to you on level 2 of the Orcish Mines)
 20586 | Orc:2    | Identified Moz Ufri's Tome of Aid and Battle Magic
 20591 | Orc:2    | Learned a level 2 spell: Shroud of Golubria
 20594 | Orc:2    | Learned a level 2 spell: Song of Slaying
 20658 | Orc:2    | Found Vivogg's Antique Armour Shop.
 20658 | Orc:2    | Found Dikkossu's Distillery.
 20659 | Orc:2    | Found Faojy's Antique Armour Shoppe.
 20659 | Orc:2    | Found Yfohe's Gadget Shop.
 20669 | Orc:2    | Bought a potion of heal wounds for 85 gold pieces
 20669 | Orc:2    | Bought a potion of curing for 51 gold pieces
 20892 | Orc:1    | Reached XP level 16. HP: 74/144 MP: 22/22
 21374 | D:13     | Found Lufol's Magic Scroll Shop.
 21449 | D:13     | Found a gate to the Vaults.
 21624 | D:13     | Found an ancient bone altar of Kikubaaqudgha.
 21671 | D:13     | Found Tibiwegroatt's Magic Scroll Emporium.
 21704 | D:13     | Found Jigg's Assorted Antiques.
 21712 | D:13     | Bought a scroll labeled XATHEMN FA MUD for 32 gold pieces
 21712 | D:13     | Bought a large brass amulet for 160 gold pieces
 21712 | D:13     | Bought an amethyst potion for 28 gold pieces
 22012 | D:13     | Found Bolyesatuf's Assorted Antiques.
 22020 | D:13     | Bought a scroll labeled SOETYS WASHIRPH for 34 gold pieces
 22026 | D:13     | Bought a tubular garnet ring for 170 gold pieces
 22244 | D:13     | Found Ughid's Book Boutique.
 22337 | D:14     | Found Renetsyn's General Store.
 22750 | D:14     | Found Luvvupt's Gadget Shoppe.
 22794 | D:14     | Reached skill level 16 in Long Blades
 22807 | D:14     | Found Wadghuol's Book Emporium.
 22997 | D:14     | Received a gift from Okawaru
 23035 | D:14     | Got a dazzling demon blade {god gift}
 23036 | D:14     | Identified the +3 demon blade "Pial" {freeze, -Tele rPois rF- MR+++} (Okawaru gifted it to you on level 14 of the Dungeon)
 23373 | D:15     | Entered Level 15 of the Dungeon
 23575 | D:15     | Found Wiuce's Food Shop.
 23831 | D:15     | Noticed Kirke
 23846 | D:15     | Found a staircase to the Depths.
 23934 | D:15     | Killed Kirke
 23976 | D:15     | Received a gift from Okawaru
 24782 | Swamp:1  | Entered Level 1 of the Swamp
 25316 | Elf:1    | Entered Level 1 of the Elven Halls
 25714 | Elf:1    | Reached skill level 1 in Throwing
 25726 | Elf:1    | Identified the Handbook of the Armadillo
 25820 | Elf:1    | Noticed Aizul
 25833 | Elf:1    | Killed Aizul
 26002 | Elf:1    | Found Femewyfe's Gadget Emporium.
 26046 | Elf:1    | Reached XP level 17. HP: 134/154 MP: 23/23
 26419 | Elf:1    | Received a gift from Okawaru
 26436 | Elf:1    | Reached skill level 15 in Fighting
 27007 | Elf:2    | Reached skill level 15 in Shields
 27208 | Elf:2    | Reached skill level 15 in Armour
 27287 | Elf:2    | Found a portal to a secret trove of treasure.
 27353 | Elf:2    | Noticed Roxanne
 27375 | Elf:2    | Killed Roxanne
 27376 | Elf:2    | Identified Roxanne's Collected Works on Transmigration (You took it off Roxanne on level 2 of the Elven Halls)
 27456 | Elf:2    | Found Gippeul's Distillery.
 27463 | Elf:2    | Bought a potion of heal wounds for 80 gold pieces
 27463 | Elf:2    | Bought a potion of curing for 48 gold pieces
 27463 | Elf:2    | Bought a potion of heal wounds for 80 gold pieces
 27501 | Elf:2    | Received a gift from Okawaru
 27546 | Elf:2    | Found a runed gate.
 27546 | Elf:2    | Found a runed gate.
 27547 | Elf:2    | Found a runed gate.
 27780 | Elf:2    | Reached skill level 17 in Long Blades
 27809 | Elf:2    | Noticed Agnes
 27821 | Elf:2    | Killed Agnes
 28506 | Elf:2    | Received a gift from Okawaru
 28633 | Elf:3    | Entered Level 3 of the Elven Halls
 28662 | Elf:3    | Found a frozen archway.
 28676 | IceCv    | Entered an ice cave
 28690 | IceCv    | Received a gift from Okawaru
 29408 | IceCv    | Identified Lips's Volume of Enthralling Summoning
 29456 | Elf:3    | Found Geass's Armour Shoppe.
 29568 | Elf:3    | Reached skill level 5 in Throwing
 30046 | Elf:3    | Found Oghoffere's Magic Scroll Shoppe.
 30322 | Elf:3    | Reached skill level 15 in Dodging
 30326 | Elf:3    | Noticed a Brimstone Fiend
 30327 | Elf:3    | Reached XP level 18. HP: 166/166 MP: 24/24
 30881 | Elf:3    | Identified the Incunabulum of Stolen Souls
 30887 | Elf:3    | Learned a level 3 spell: Regeneration
 31302 | Elf:3    | Noticed Saint Roka
 31340 | Elf:3    | Killed Saint Roka
 31707 | Elf:3    | Cast into level 2 of the Abyss (a deep elf sorcerer)
 31740 | Abyss:2  | Found a corrupted altar of Lugonu.
 31794 | Elf:3    | Escaped the Abyss
 31809 | Elf:3    | Got a twitching lead ring
 31811 | Elf:3    | Identified the ring "Cenwoni" {Wiz -Tele +Inv rPois rF-} (You took it off a deep elf sorcerer on level 3 of the Elven Halls)
 31843 | Elf:3    | Received a gift from Okawaru
 32675 | Elf:3    | Noticed an Ice Fiend
 32897 | Elf:3    | Reached skill level 18 in Long Blades
 32902 | Elf:3    | Got an uncursed shimmering great sword {flame}
 32911 | Elf:3    | Identified the +8 great sword "Death Rattle" {flame, rN+ Str-5 Int+4 Dex+8} (You took it off a deep elf archer on level 3 of the Elven Halls)
 32954 | Elf:3    | Received a gift from Okawaru
 33004 | Elf:3    | Noticed a Hell Sentinel
 33044 | Elf:3    | Killed from afar by a deep elf high priest

Vault maps used:
D:1:      erik_arrival_orb_chamber
D:2:      overflow_temple_1_default, lemuel_crystal_altar,
          chequers_ecumenical_altar_simple, okawaru_altar_gauntlet_db
D:3:      overflow_temple_1_default, minitemple, uniq_grinder
D:5:      tso_metal_star, serial_shops, kennysheep_mini, shop, shop,
          nicolae_shop_window_shopping, nicolae_shop_waterfront, first_bread,
          makhleb_blood_cavern_becter
D:6:      minmay_temple_entry_junction, basic_altar
D:7:      lemuel_ice_statue
D:8:      lair_entry_dummy, hangedman_ranch, minmay_splitting_lines,
          grunt_dithmenos_smoke_and_mirrors
D:9:      fedhas_altar_2, nemelex_xobeh_ov_fountains_minmay, uniq_pikel
D:10:     erik_orc_2, uniq_urug
D:11:     lab_entry_generic, minmay_guarded_unrand_variability, uniq_nergalle,
          uniq_harold, uniq_erolcha, uniq_psyche
D:13:     lightli_vaults_fourway_checkpoint, basic_altar, serial_shops, shop,
          shop_fountains, shop, nicolae_shop_temple_entry_statues_fountains,
          shop
D:14:     serial_shops, nicolae_shop_trees, kennysheep_mini_moat,
          nicolae_shop_trees, hangedman_decor_riveting
D:15:     grunt_enter_depths_giant_problem, serial_shops, shop, uniq_kirke
Temple:   nicolae_temple_great_sept
Lair:1:   beast_lair_carwin_6
Lair:2:   minmay_swamp_entry_eels, lemuel_fruit_tree, grunt_megastairs_5
Lair:3:   spider_nest_entry_rubble, st_stairs_13
Lair:4:   minivault_25
Lair:5:   cheibrodos_lair_reptile_den
Lair:6:   minmay_lair_end_enchanted_forest, minmay_slime_entry_jelly_boxes,
          uniq_rupert
Swamp:1:  evilmike_swamp_ruin_house_6, swamp_pool1, st_swamp_ruins_3
Orc:1:    serial_shops
Orc:2:    st_orc_ogre_mass, guppyfry_library_mini, uniq_sonja
Elf:1:    serial_shops, shop, minmay_elf_annihilation, corner_web_ring,
          nicolae_elf_v_pinch, uniq_aizul
Elf:2:    serial_shops, shop, nicolae_trove_entry_path_of_doom, uniq_roxanne,
          uniq_agnes
Elf:3:    minmay_elf_hall_x, portal_ice_cave_entry_ice_statue_one, serial_shops,
          shop, shop, minmay_misc_feat_columns, minmay_elf_necromancy,
          uniq_saint_roka
Lab:      labyrinth_hidden_loot
IceCv:    ice_cave_statue_garden_chambered

Skill      XL: |  1  2  3  4  5  6  7  8  9 10 11 12 13 14 15 16 17 18 |
---------------+-------------------------------------------------------+-----
Long Blades    | 3 4 5 6 7 8 10 11 12 13 14 15 16 17 18 | 18.1
Armour         | 4 5 6 7 8 9 10 11 12 13 14 15 16 | 16.2
Dodging        | 1 2 3 4 6 7 8 9 10 11 13 14 15 | 15.6
Invocations    | 1 2 3 4 5 6 7 8 10 | 10.0
Shields        | 4 5 6 7 8 9 10 11 12 13 14 15 16 | 16.3
Fighting       | 4 5 7 8 9 10 11 12 13 14 16 | 16.5
Throwing       | 2 5 6 |  6.8

Action                   |  1- 3 |  4- 6 |  7- 9 | 10-12 | 13-15 | 16-18 || total
-------------------------+-------+-------+-------+-------+-------+-------++-------
Melee: Long sword        |   111 |   118 |   390 |       |    25 |       ||   644
       Headbutt          |    12 |    25 |    84 |   169 |   233 |   354 ||   877
       Falchion          |       |       |    35 |   380 |     8 |       ||   423
       Lajatang          |       |       |       |    69 |       |       ||    69
       Double sword      |       |       |       |   236 |   725 |  1239 ||  2200
       Punch             |       |       |       |     1 |       |       ||     1
Throw: Tomahawk          |       |       |       |     8 |    10 |     4 ||    22
       Throwing net      |       |       |       |     1 |       |       ||     1
Invok: Heroism           |       |       |     3 |     5 |     3 |     3 ||    14
       Finesse           |       |       |       |     3 |     3 |     1 ||     7
Evoke: Wand              |       |     2 |       |       |       |     2 ||     4
  Use: Scroll            |       |       |    11 |    12 |     7 |     6 ||    36
       Potion            |       |       |     1 |     3 |     1 |     2 ||     7
  Eat: Chunk             |     1 |     3 |    16 |    22 |    22 |    38 ||   102
       Fruit             |       |       |     1 |     1 |       |     2 ||     4
Armor: Scale mail        |    60 |    58 |    43 |       |       |       ||   161
       Chain mail        |       |       |   132 |    91 |       |       ||   223
       Plate armour      |       |       |       |   190 |   137 |   212 ||   539
Dodge: Dodged            |    26 |    45 |   114 |   268 |   453 |   405 ||  1311
Block: Shield            |    47 |    59 |   199 |   176 |       |       ||   481
       Buckler           |       |       |       |    82 |   334 |   262 ||   678
       Reflection        |       |       |       |       |     9 |    59 ||    68
       Large shield      |       |       |       |       |       |   403 ||   403
       Rpst.: Long sword |     6 |     9 |    35 |       |     5 |       ||    55
       Falchion          |       |       |     4 |    21 |       |       ||    25
       Double sword      |       |       |       |    36 |    90 |    88 ||   214
